 Dungeon Crawl Stone Soup version 0.32-a0-814-g0968bab (webtiles) character file.

Game seed: 557862263006816205

91 OneMoreNut the Slasher (level 4, -1/23 HPs)
             Began as a Vine Stalker Fighter on Mar 22, 2024.
             Killed by divine providence
             ... invoked by an orc priest
              (11 damage)
             ... on level 3 of the Dungeon.
             The game lasted 00:03:13 (1342 turns).

OneMoreNut the Slasher (Vine Stalker Fighter)       Turns: 1342, Time: 00:03:19

Health: -1/23      AC:  6    Str: 21    XL:     4   Next: 57%
Magic:  0/5        EV:  8    Int:  8    God:
Gold:   107        SH:  4    Dex: 13    Spells: 3/3 levels left

rFire   . . .        a - +0 long sword
rCold   . . .        c - +0 buckler
rNeg    . . .        b - +0 scale mail
rPois   .            (no helmet)
rElec   .            (no cloak)
rCorr   .            (no gloves)
SInv    .            (no boots)
Will    .....        g - amulet of the acrobat Stlth
                     (no ring)
HPRegen 1.03/turn    (no ring)
MPRegen 0.09/turn

%: acrobat, guardian spirit
@: no status effects
A: fangs 2, regeneration 1, magic shield, antimagic bite, no potion heal 2
a: Convert to Beogh


You were on level 3 of the Dungeon.
You visited 1 branch of the dungeon, and saw 3 of its levels.

You collected 107 gold pieces.

Inventory:

Hand Weapons
 a - a +0 long sword (weapon)
Armour
 b - a +0 scale mail (worn)
 c - a +0 buckler (worn)
 k - a +0 ring mail of fire resistance
Jewellery
 g - an amulet of the acrobat (around neck)
Scrolls
 h - a scroll of silence {unknown}
 i - 2 scrolls of identify {unknown}
 l - a scroll of vulnerability {unknown}
 o - a scroll of fog {unknown}
 p - a scroll of poison {unknown}
Potions
 d - a potion of might
 e - a potion of degeneration {unknown}
 f - 2 potions of lignification {unknown}
 j - a potion of invisibility {unknown}
 m - 2 potions of curing {unknown}
 n - a potion of brilliance {unknown}


   Skills:
 - Level 2.6 Fighting
 + Level 4.2 Long Blades
 - Level 2.4 Armour
 - Level 2.6 Shields


You had 3 spell levels left.
You didn't know any spells.
Your spell library was empty.

Dungeon Overview and Level Annotations

Branches:
Dungeon (3/15)

Altars:

Shops:
D:1 *(

Annotations:
D:2 1 runed translucent door, Crazy Yiuf


Innate Abilities, Weirdness & Mutations

You have extremely sharp teeth.
Your natural rate of healing is unusually fast.
When hurt, damage is shared between your health and your magic reserves.
Your bite disrupts and absorbs the magic of your enemies.
Potions cannot restore your health.


Message History

There is an entrance to a sewer on this level.
Hurry and find it before the portal rusts away!
You hear the slow rusting of a very distant drain.
There is a stone staircase leading up here.
The orc priest mumbles some strange prayers to Beogh against you.
Pain shoots through your body!
You closely miss the orc priest. Your bite misses the orc priest.
The orc priest mumbles some strange prayers to Beogh against you.
Beogh smites you!
Ouch! That really hurt!
* * * LOW HITPOINT WARNING * * *
The orc priest threatens, "Beogh's wrath is as vast as their mercy.
Make your choice!" (press Y on the ability menu to convert to Beogh)
You barely miss the orc priest. Your bite misses the orc priest.
The orc priest miscasts a cantrip.
You closely miss the orc priest.
The orc priest looks braver for a moment.
You barely miss the orc priest. Your bite misses the orc priest.
You block the orc priest's attack. x2
You hit the orc priest.
The orc priest is moderately wounded.
The orc priest hits you with a +0 mace.
You hit the orc priest but do no damage.
You bite the orc priest, but do no damage.
The orc priest is moderately wounded.
The orc priest hits you but does no damage.
You closely miss the orc priest.
The orc priest is moderately wounded.
The orc priest barely misses you.
You barely miss the orc priest.
You bite the orc priest, but do no damage.
The orc priest is moderately wounded.
The orc priest shouts, "Beogh offers mercy even to people such as you.
Join us and be reborn!"
The orc priest closely misses you.
The orc priest shouts, "Beogh offers mercy even to people such as you.
Join us and be reborn!"
You slash the orc priest! Your bite misses the orc priest.
The orc priest is almost dead.
The orc priest hits you with a +0 mace.
The orc priest mumbles some strange prayers to Beogh against you.
Beogh smites you!
You die...

### #<# ###@###
#.o...# #.#...#
##'##########
#....o...)..#
#.........#.#
#.........#.#########
#.........#.o.o.ooo..
#.........#..#.......


You could see an orc priest.

Vanquished Creatures
  An orc wizard (D:3)
  An adder (D:2)
  A ribbon worm (D:2)
  3 orcs
  5 ball pythons
  7 endoplasms
  2 giant cockroaches
  4 goblins (D:1)
  4 hobgoblins
  6 kobolds
  A quokka (D:1)
  5 bats
  3 frilled lizards (D:1)
  7 rats
50 creatures vanquished.

Notes
Turn   | Place    | Note
-------+----------+-------------------------------------------
     0 | D:1      | OneMoreNut the Vine Stalker Fighter began the quest for the
                  | Orb.
     0 | D:1      | Reached XP level 1. HP: 11/11 MP: 2/2
    24 | D:1      | Found Deilix's Assorted Antiques.
    45 | D:1      | Reached skill level 2 in Long Blades
    62 | D:1      | Reached XP level 2. HP: 16/16 MP: 3/3
   124 | D:1      | Found Pyniwn's Weapon Boutique.
   124 | D:1      | Noticed a +0 giant club
   125 | D:1      | Noticed a +0 bardiche
   292 | D:1      | Reached skill level 3 in Long Blades
   350 | D:1      | Reached XP level 3. HP: 19/19 MP: 4/4
   987 | D:2      | Reached XP level 4. HP: 22/23 MP: 3/5
  1012 | D:2      | Found a runed translucent door.
  1013 | D:2      | Noticed Crazy Yiuf
  1296 | D:3      | Reached skill level 4 in Long Blades
  1342 | D:3      | Killed from afar by an orc priest

Illustrated notes

Levels and vault maps discovered:
D:1:      minmay_arrival_wavy_path, layout_basic, serial_shops,
          nicolae_shop_mannequins, nicolae_shop_statue_plus, serial_glass,
          glass_columns_b, glass_columns_a, glass_columns_b, glass_columns_a,
          glass_columns_a, glass_columns_c, glass_columns_a, glass_columns_a,
          glass_columns_a, glass_columns_a, glass_columns_c, glass_columns_b,
          glass_columns_a, glass_columns_b, minmay_strange_pillars,
          item_on_display_a, minmay_strange_pillars
D:2:      layout_rooms, uniq_crazy_yiuf_cottage
D:3:      layout_basic, elyvilon_altar_5, cheibrodos_sewer_entry_bend,
          uniq_terence

Skill      XL: |  1  2  3  4 |
---------------+-------------+-----
Long Blades    | 2 3 4 |  4.2
Fighting       | |  2.6
Armour         | |  2.4
Shields        | |  2.6

Action                     |  1- 3 |  4- 6 || total
---------------------------+-------+-------++-------
  Melee: Long sword        |    92 |    33 ||   125
         Bite              |    21 |    10 ||    31
 Armour: Scale mail        |    61 |    27 ||    88
  Dodge: Dodged            |    41 |    22 ||    63
  Block: Buckler           |    22 |     5 ||    27

Table legend: (Time is in decaauts)
 A = Elapsed time spent in this place.
 B = Non-inter-level travel time spent in this place.
 C = Inter-level travel time spent in this place.
 D = Time resting spent in this place.
 E = Time spent auto-exploring this place.
 F = Levels seen in this place.
 G = Mean time per level.
                   A        B        C        D        E       F      G
               +--------+--------+--------+--------+--------+-----+--------+
         Total |   1377 |   1305 |     72 |      0 |    865 |   3 |  459.0 |
       Dungeon |   1377 |   1305 |     72 |      0 |    865 |   3 |  459.0 |
               +--------+--------+--------+--------+--------+-----+--------+

Top non-repeatable levels by time:
     D:1: 756 daAuts
     D:2: 518 daAuts
     D:3: 102 daAuts
